 Dungeon Crawl Stone Soup version 0.29-a0-214-g17f627cfee (webtiles) character file.

Game seed: 7359313464662093757

3 kr3s1m1r the Vexing (level 1, 12/12 HPs)
             Began as a Kobold Arcane Marksman on Feb 24, 2022.
             Quit the game on level 1 of the Dungeon.
             The game lasted 00:01:46 (65 turns).

kr3s1m1r the Vexing (Kobold Arcane Marksman)          Turns: 65, Time: 00:01:46

Health: 12/12      AC:  2    Str:  7    XL:     1   Next: 55%
Magic:  2/2        EV: 15    Int: 14    God:
Gold:   0          SH:  0    Dex: 15    Spells: 1/2 levels left

rFire   . . .      SeeInvis .   a - +0 hand crossbow
rCold   . . .      Faith    .   (no shield)
rNeg    . . .      Spirit   .   b - +0 robe
rPois   .          Reflect  .   (no helmet)
rElec   .          Harm     .   (no cloak)
rCorr   .          Rampage  .   (no gloves)
Will    .....                   (no boots)
Stlth   ++........              (no amulet)
HPRegen 0.04/turn               (no ring)
MPRegen 0.08/turn               (no ring)

@: no status effects
A: small, no large weapons, nightstalker 3
a: no special abilities


You were on level 1 of the Dungeon.
You visited 1 branch of the dungeon, and saw 1 of its levels.

Inventory:

Hand Weapons
 a - a +0 hand crossbow (weapon)
Armour
 b - a +0 robe (worn)
Scrolls
 c - a scroll of amnesia {unknown}
Potions
 d - a potion of degeneration {unknown}


   Skills:
 - Level 1.1 Fighting
 * Level 2.8 Crossbows
 + Level 2.5 Dodging
 + Level 0.2 Stealth
 + Level 1.1 Spellcasting
 + Level 3.0 Hexes


You had one spell level left.
You knew the following spells:

 Your Spells              Type           Power      Damage    Failure   Level
z - Slow                  Hex            36%        N/A       8%          1

Your spell library contained the following spells:

 Spells                   Type           Power      Damage    Failure   Level
 Corpse Rot               Necr/Air       0%         N/A       36%         2
 Poisonous Vapours        Pois/Air       0%         N/A       36%         2
 Inner Flame              Hex/Fire       5%         N/A       38%         3
 Portal Projectile        Hex/Tloc       10%        N/A       38%         3
 Cause Fear               Hex            4%         N/A       58%         4


Dungeon Overview and Level Annotations

Branches:
Dungeon (1/15)

Altars:


Innate Abilities, Weirdness & Mutations

You are small and have problems with some larger weapons.
You are completely attuned to the shadows.


Message History

You shoot a bolt. The bolt closely misses the kobold.
A dart slug comes into view.
The kobold throws a stone.
The stone closely misses you.
Sorry, you're not good enough to have a special ability.
You don't have enough magic to cast this spell.
Shoot: a) +0 hand crossbow
Press: ? - help, Shift-Dir - straight line, f/p - kobold
Aim: a kobold, wielding a +0 club and quivering stones (slow, 53% to hit)
You shoot a bolt. The bolt hits the kobold!
You kill the kobold!
The dart slug launches a dart at you. The slug dart misses you.
Shoot: a) +0 hand crossbow
Press: ? - help, Shift-Dir - straight line, f - dart slug
Aim: a dart slug (93% to hit)
You shoot a bolt. The bolt hits the dart slug.
The dart slug is severely wounded.
You don't have any such object.
Fire/throw which item? ([*] to toggle full inventory view, [\] to toss any item) (? for menu, Esc to quit)
You don't have any such object.
Fire/throw which item? ([*] to toggle full inventory view, [\] to toss any item) (? for menu, Esc to quit)
You don't have any such object.
Fire/throw which item? ([*] to toggle full inventory view, [\] to toss any item) (? for menu, Esc to quit)
Okay, then.
Unknown command.
Shoot: a) +0 hand crossbow
Press: ? - help, Shift-Dir - straight line, f/p - dart slug
Aim: a dart slug (severely wounded, 93% to hit)
You shoot a bolt. The bolt hits the dart slug!
You kill the dart slug!
You pick up a book of Vapours and begin reading...
You add the spells Poisonous Vapours and Corpse Rot to your library.
Found a stone staircase leading down.
Found a smoky white potion.
Found a hand axe.
d - a smoky white potion You open the door.
There is an open door here.
There is an open door here.
Are you sure you want to abandon this character and quit the game? (Confirm with "yes".)

##### #...#
##'## #.#
#.# ###.####
#......#
####...@.)#
...>.......
###....##.#.
.#P#..#.# .#
...#...... .
PP.#.##.###
.P.#.# .#
..P#.##.##
♣♣♣#♣♣#
.P.#.....#
♣♣..♣.<♣


There were no monsters in sight!

Vanquished Creatures
  A dart slug (D:1)
  A kobold (D:1)
2 creatures vanquished.

Notes
Turn   | Place    | Note
-------+----------+-------------------------------------------
     0 | D:1      | kr3s1m1r the Kobold Arcane Marksman began the quest for the
                  | Orb.
     0 | D:1      | Reached XP level 1. HP: 12/12 MP: 2/2
    65 | D:1      | Quit the game

Illustrated notes

Levels and vault maps discovered:
D:1:      amcnicky_arrival_underground_garden, layout_loops_corners,
          serial_aquarium, aquarium_bridge_straight [aquarium_subvault_bridge,
          aquarium_subvault_wall, aquarium_subvault_bridge,
          aquarium_subvault_wall], aquarium_window_corridor_3,
          aquarium_window_double, aquarium_window_fake, aquarium_window_fake,
          aquarium_view_2b, aquarium_view_2c, hangedman_decor_points,
          hangedman_decor_clover_reticule

Action                   || total
-------------------------++-------
 Fire: Hand crossbow     ||     6
 Cast: Slow              ||     2
Dodge: Dodged            ||     4

Table legend: (Time is in decaauts)
 A = Elapsed time spent in this place.
 B = Non-inter-level travel time spent in this place.
 C = Inter-level travel time spent in this place.
 D = Time resting spent in this place.
 E = Time spent auto-exploring this place.
 F = Levels seen in this place.
 G = Mean time per level.
                   A        B        C        D        E       F      G
               +--------+--------+--------+--------+--------+-----+--------+
         Total |     67 |     67 |      0 |      0 |     15 |   1 |   67.0 |
       Dungeon |     67 |     67 |      0 |      0 |     15 |   1 |   67.0 |
               +--------+--------+--------+--------+--------+-----+--------+

Top non-repeatable levels by time:
     D:1: 67 daAuts
